 Dungeon Crawl Stone Soup version 0.31-a0-851-g7ff8af7976 (webtiles) character file.

Game seed: 6599329422901137460

4202 CrazyBamboolord the Fighter (level 10, -9/105 HPs)
             Began as an Ogre Air Elementalist on Oct 7, 2023.
             Was a Believer of Sif Muna.
             Mangled by a sixfirhy (11 damage)
             ... led by a cacodemon
             ... on level 1 of the Abyss.
             The game lasted 00:22:50 (11666 turns).

CrazyBamboolord the Fighter (OgAE)                 Turns: 11666, Time: 00:22:51

Health: -9/105     AC:  4    Str: 14    XL:     10   Next: 29%
Magic:  12/21      EV: 11    Int: 20    God:    Sif Muna [**....]
Gold:   197        SH:  0    Dex:  9    Spells: 7/23 levels left

rFire   . . .        C - +7 quarterstaff of the Evil Eye {venom, rC+ Will++}
rCold   + . .        (shield currently unavailable)
rNeg    . . .        a - +0 robe
rPois   .            (helmet restricted)
rElec   .            t - +0 cloak
rCorr   .            (gloves unavailable)
SInv    .            (boots unavailable)
Will    +++..        (no amulet)
Stlth   +            D - +4 ring of slaying
HPRegen 0.37/turn    p - ring of flight
MPRegen 0.17/turn

%: no passive effects
@: flying
A: large, unfitting armour, tough skin 1
a: Renounce Religion, Channel Magic


You were on level 1 of the Abyss.
You worshipped Sif Muna.
Sif Muna was pleased with you.
You visited 1 branch of the dungeon, and saw 8 of its levels.
You visited the Abyss 1 time.

You collected 562 gold pieces.
You spent 365 gold pieces at shops.

Inventory:

Hand Weapons
 x - the +1 short sword "Lorem Ipsum" {flame, rC+ Will+ rCorr}
   (You found it on level 6 of the Dungeon)

   rC+:       It protects you from cold.
   Will+:     It increases your willpower.
   rCorr:     It protects you from acid and corrosion.
 C - the +7 quarterstaff of the Evil Eye (weapon) {venom, rC+ Will++}
   (You found it on level 7 of the Dungeon)

   rC+:       It protects you from cold.
   Will++:    It greatly increases your willpower.
Armour
 a - a +0 robe (worn)
 t - a +0 cloak (worn)
 G - an orb of light
Jewellery
 d - a ring of fire
 i - a ring of positive energy
 k - a ring of fire
 p - a ring of flight (right hand)
 D - a +4 ring of slaying (left hand)
Wands
 z - a wand of paralysis (13)
 F - a wand of quicksilver (9)
 I - a wand of roots (10)
Scrolls
 b - a scroll of summoning {unknown}
 c - a scroll of vulnerability {unknown}
 h - 2 scrolls of fog
 l - 7 scrolls of immolation
 m - a scroll of blinking {unknown}
 o - 3 scrolls of revelation
 u - a scroll of enchant armour {unknown}
 w - 3 scrolls of poison
 y - a scroll of acquirement {unknown}
 A - a scroll of noise {unknown}
 E - a scroll of enchant weapon
 J - a scroll of silence {unknown}
Potions
 e - 2 potions of might
 f - 4 potions of haste
 g - 3 potions of ambrosia
 j - 3 potions of heal wounds
 q - 2 potions of enlightenment
 r - 3 potions of curing
 s - 4 potions of mutation
 v - a potion of brilliance {unknown}
 B - 2 potions of attraction {unknown}
 H - 2 potions of berserk rage {unknown}


   Skills:
 * Level 8.3 Fighting
 * Level 5.4 Dodging
 - Level 1.4 Stealth
 * Level 7.3 Spellcasting
 * Level 5.7 Conjurations
 * Level 0.9 Ice Magic
 * Level 6.3 Air Magic
 * Level 4.5 Invocations


You had 7 spell levels left.
You knew the following spells:

 Your Spells              Type           Power      Damage    Failure   Level
a - Shock                 Conj/Air       100%       1d9       1%          1
b - Static Discharge      Conj/Air       62%        2-5/arc   1%          2
c - Swiftness             Air            32%        N/A       1%          3
d - Airstrike             Air            16%        2d(3-19)  7%          4
e - Hailstorm             Conj/Ice       20%        3d6       7%          3
f - Mephitic Cloud        Conj/Pois/Air  23%        N/A       5%          3

Your spell library contained the following spells:

 Spells                   Type           Power      Damage    Failure   Level
 Poisonous Vapours        Pois/Air       40%        N/A       3%          2
 Freeze                   Ice            44%        1d6       6%          1
 Frozen Ramparts          Ice            22%        1d4       19%         3
 Gell's Gravitas          Tloc           7%         N/A       26%         3
 Teleport Other           Tloc           7%         N/A       26%         3
 Freezing Cloud           Conj/Ice/Air   12%        6-21      38%         5
 Silence                  Hex/Air        10%        N/A       56%         5
 Passage of Golubria      Tloc           7%         N/A       65%         4
 Dispersal                Tloc           3%         N/A       100%        6
 Lehudib's Crystal Spear  Conj/Erth      9%         10d4      100%        8


Dungeon Overview and Level Annotations

Branches:
Dungeon (8/15)             Temple (0/1) D:7            Lair (0/5) D:8

Altars:
Ashenzari
Cheibriados
Kikubaaqudgha
Nemelex Xobeh
Sif Muna
Uskayaw
Xom
Zin
The Shining One

Shops:
D:1 :   D:3 [   D:4 *   D:8 (

Annotations:
D:5 2 transporters, BritishOli's ghost, amateur DsFi


Innate Abilities, Weirdness & Mutations

You are too large for most types of armour.
You have tough skin. (AC +1)


Message History

You feel strangely unstable.
You feel the power of the Abyss delaying your translocation!
The chaos spawn hits you!
You feel protected.
Unknown command.
A flying skull comes into view.
Your magical contamination has completely faded away.
You are suddenly pulled into a different region of the Abyss!
Found a burning altar of Makhleb.
There is a burning altar of Makhleb here.
You start resting.
You start to feel less resistant.
You start resting.
Your resistance to elements expires.
You start resting.
A cacodemon and a sixfirhy come into view.
Okay, then.
As you read the scroll of fog, it dissolves into smoke.
Unknown command.
Press < or > to pray at altars.
The sixfirhy closely misses you. The sixfirhy hits you!
The sixfirhy shocks you! The sixfirhy hits you! The sixfirhy shocks you!
The sixfirhy hits you but does no damage.
The sixfirhy misses you. The sixfirhy hits you! The sixfirhy shocks you!
The sixfirhy barely misses you.
The sixfirhy hits you but does no damage.
The sixfirhy hits you! The sixfirhy shocks you!
* * * LOW HITPOINT WARNING * * *
An orange demon comes into view.
The orange demon screeches!
The sixfirhy hits you!
* * * LOW HITPOINT WARNING * * *
The sixfirhy shocks you!
* * * LOW HITPOINT WARNING * * *
The sixfirhy hits you!
* * * LOW HITPOINT WARNING * * *
The sixfirhy shocks you!
You die...

~~##...###...###...
~~≈~~..#...#.....#...
~~~#~~#...........#
##..# #~...#..... .
...~~##..###...##
#.~~.~≈## ##.##
##~###~~#~~.§§##
#~.3....~§§§§.#.#
#.@##...~§§§§§§.#
#...#..§§§§ §§#..#
..#.....#§§§§§# .
..##.....#####. ~ #.
... .#....# 2§~~~ ..
#. #....# §.≈ . . #.
##...4....3♣.# #.
...#.....#~#


You could see an orange demon and a sixfirhy.

Vanquished Creatures
  A fire crab (D:8)
  Pikel (D:8)
  A kobold demonologist (D:8)
  Grinder (D:3)
  A small abomination (Abyss:1)
  2 water moccasins
  3 black bears
  An ice beast (D:4)
  A centaur (D:7)
  4 lemures (D:8)
  3 kobold brigands (D:8)
  3 bullfrogs
  3 scorpions
  4 wights (D:7)
  3 killer bees (D:7)
  3 howler monkeys (D:8)
  5 hounds
  3 jellies
  4 orc priests
  A gnoll bouda (D:7)
  4 iguanas
  Terence (D:3)
  A sleepcap (D:4)
  5 orc wizards
  9 gnolls
  10 adders
  A shadow imp (D:6)
  A white imp (D:8)
  An ufetubus (D:2)
  A worm (D:3)
  A dart slug (D:2)
  19 orcs
  A ball python (D:4)
  4 bats
  6 endoplasms
  3 giant cockroaches
  5 goblins
  3 hobgoblins
  A quokka (D:5)
  4 frilled lizards
  26 kobolds
  9 kobold skeletons (D:8)
  6 kobold zombies (D:8)
  5 rats
175 creatures vanquished.

Notes
Turn   | Place    | Note
-------+----------+-------------------------------------------
     0 | D:1      | CrazyBamboolord the Ogre Air Elementalist began the quest
                  | for the Orb.
     0 | D:1      | Reached XP level 1. HP: 16/16 MP: 3/3
    87 | D:1      | Reached skill level 1 in Conjurations
   407 | D:1      | Found a faded altar of an unknown god.
   567 | D:1      | Found Soerucuv's Book Shoppe.
   572 | D:1      | Reached XP level 2. HP: 26/26 MP: 0/5
   577 | D:1      | Reached skill level 1 in Fighting
   942 | D:2      | Learned a level 2 spell: Static Discharge
  1034 | D:2      | Reached XP level 3. HP: 33/33 MP: 0/7
  1438 | D:2      | Reached skill level 2 in Fighting
  1560 | D:2      | Reached XP level 4. HP: 42/42 MP: 3/8
  1882 | D:2      | Found a glowing silver altar of Zin.
  2279 | D:2      | Learned a level 3 spell: Swiftness
  2574 | D:3      | Found a broken altar of Ashenzari.
  2732 | D:3      | Found a glowing golden altar of the Shining One.
  2843 | D:3      | Found a shimmering altar of Xom.
  3020 | D:3      | Noticed Terence
  3154 | D:3      | Reached XP level 5. HP: 48/50 MP: 1/9
  3265 | D:3      | Found Pihydgh's Antique Armour Shoppe.
  3265 | D:3      | Noticed Grinder
  3269 | D:3      | Paralysed by Grinder for 5 turns
  3289 | D:3      | HP: 1/52 [bounced beam (6)]
  3291 | D:3      | Killed Grinder
  3292 | D:3      | Reached skill level 3 in Fighting
  3292 | D:3      | Reached XP level 6. HP: 32/62 MP: 4/11
  3452 | D:3      | Killed Terence
  3892 | D:3      | Reached skill level 4 in Fighting
  4075 | D:4      | Reached XP level 7. HP: 63/70 MP: 5/13
  4645 | D:4      | Found a shimmering blue altar of Sif Muna.
  4881 | D:4      | Reached skill level 5 in Fighting
  4894 | D:4      | Learned a level 4 spell: Airstrike
  5019 | D:4      | Found Sorhatick's Assorted Antiques.
  5027 | D:4      | Bought a scroll labelled ZUAWOO WIUTOA for 27 gold pieces
  5027 | D:4      | Bought a lumpy grey potion for 24 gold pieces
  5027 | D:4      | Bought a scroll of identify for 54 gold pieces
  5203 | D:5      | Entered Level 5 of the Dungeon
  5474 | D:4      | Reached skill level 5 in Spellcasting
  5474 | D:4      | Reached XP level 8. HP: 76/81 MP: 4/15
  5807 | D:5      | Found a sparkling altar of Nemelex Xobeh.
  5890 | D:5      | Found a transporter.
  5899 | D:5      | Noticed BritishOli's ghost (amateur DsFi)
  6036 | D:5      | Found a hide-covered altar of Uskayaw.
  6285 | D:5      | Found a transporter.
  6495 | D:4      | Became a worshipper of Sif Muna the Loreminder
  6693 | D:6      | Reached skill level 6 in Fighting
  6902 | D:6      | Reached skill level 5 in Air Magic
  6957 | D:6      | Reached skill level 1 in Invocations
  7073 | D:6      | Found a snail-covered altar of Cheibriados.
  7080 | D:6      | Identified the +1 short sword "Lorem Ipsum" {flame, rC+
                  | Will+ rCorr}
  7834 | D:7      | Reached XP level 9. HP: 34/92 MP: 7/18
  8571 | D:7      | Reached * piety under Sif Muna
  8574 | D:7      | Reached skill level 7 in Fighting
  8638 | D:7      | Found a staircase to the Ecumenical Temple.
  8669 | D:7      | Identified the +7 quarterstaff of the Evil Eye {venom, rC+
                  | Will++}
  9710 | D:8      | Found a staircase to the Lair.
  9710 | D:8      | Noticed a fire crab
  9797 | D:8      | Killed a fire crab
  9798 | D:8      | Reached skill level 5 in Conjurations
 10027 | D:8      | Found Detz's Antique Weapon Shop.
 10119 | D:8      | Noticed Pikel
 10136 | D:8      | Killed Pikel
 10137 | D:8      | Reached skill level 8 in Fighting
 10137 | D:8      | Reached skill level 5 in Dodging
 10137 | D:8      | Reached XP level 10. HP: 82/104 MP: 2/20
 10406 | D:1      | Bought a book of Vapours for 260 gold pieces
 10410 | D:1      | Learned a level 3 spell: Hailstorm
 10414 | D:1      | Learned a level 3 spell: Mephitic Cloud
 11053 | D:8      | Noticed a kobold demonologist
 11070 | D:8      | Killed a kobold demonologist
 11319 | D:8      | Reached ** piety under Sif Muna
 11464 | D:8      | Found an ancient bone altar of Kikubaaqudgha.
 11487 | Abyss:1  | Cast into level 1 of the Abyss (kobold)
 11608 | Abyss:1  | Found a burning altar of Makhleb.
 11652 | Abyss:1  | Noticed a cacodemon
 11652 | Abyss:1  | Noticed a sixfirhy
 11666 | Abyss:1  | Noticed an orange demon
 11666 | Abyss:1  | HP: 2/105 [sixfirhy[a cacodemon] (9)]
 11666 | Abyss:1  | Mangled by a sixfirhy

Illustrated notes

Levels and vault maps discovered:
D:1:      minmay_arrival_four_circles, layout_basic,
          shapermc_ecumenical_altar_mp_vishouse, serial_shops, shop,
          minmay_misc_feat_plants
D:2:      layout_basic, basic_altar
D:3:      layout_loops_ring, brannock_xom_greatest_gift,
          ashenzari_conservatory_becter, lemuel_tele_altar, serial_shops,
          nicolae_lakefront_shop, uniq_grinder, uniq_crazy_yiuf_cottage,
          uniq_terence, uniq_ijyb
D:4:      layout_loops_ring, nicolae_sif_muna_condensation, serial_shops,
          kennysheep_little_box, minmay_misc_feat_five
D:5:      layout_basic, nemelex_altar_shiori, kennysheep_mini_moat,
          gammafunk_ghost_mausoleum, nicolae_elevator_lobby_asterisk
D:6:      layout_basic, overflow_temple_1_default
D:7:      cheibrodos_quashed, layout_basic, minmay_temple_entry_mist
D:8:      wander_kiku_kobolds, layout_loops_ring, minmay_lair_entry_lava,
          serial_shops, kennysheep_mini, uniq_pikel, uniq_jeremiah
Abyss:1:  base:
D:3

Skill      XL: |  1  2  3  4  5  6  7  8  9 |
---------------+----------------------------+-----
Conjurations   | 1 2 3 4 5 |  5.7
Fighting       | 1 2 3 4 5 6 8 |  8.3
Dodging        | 2 3 4 5 |  5.4
Air Magic      | 3 4 5 6 |  6.3
Spellcasting   | 3 4 5 6 7 |  7.3
Invocations    | 2 4 |  4.5
Stealth        | |  1.4
Ice Magic      | |  0.9

Action                     |  1- 3 |  4- 6 |  7- 9 | 10-12 || total
---------------------------+-------+-------+-------+-------++-------
  Melee: Unarmed           |     9 |       |       |       ||     9
         Spear             |     4 |    17 |       |       ||    21
         Mace              |       |       |     3 |       ||     3
         Quarterstaff      |       |       |     9 |    20 ||    29
   Cast: Shock             |    54 |    89 |   237 |    37 ||   417
         Static Discharge  |       |     4 |    49 |     9 ||    62
         Airstrike         |       |       |     5 |     7 ||    12
         Hailstorm         |       |       |       |     1 ||     1
  Evoke: Wand              |       |       |       |     1 ||     1
    Use: Scroll            |       |     5 |     5 |     7 ||    17
         Potion            |       |     3 |       |     1 ||     4
   Stab: Sleeping          |       |       |     1 |       ||     1
 Armour: Robe              |    17 |    35 |   131 |    58 ||   241
  Dodge: Dodged            |     9 |    19 |    81 |    45 ||   154

Table legend: (Time is in decaauts)
 A = Elapsed time spent in this place.
 B = Non-inter-level travel time spent in this place.
 C = Inter-level travel time spent in this place.
 D = Time resting spent in this place.
 E = Time spent auto-exploring this place.
 F = Levels seen in this place.
 G = Mean time per level.
                   A        B        C        D        E       F      G
               +--------+--------+--------+--------+--------+-----+--------+
         Total |  11674 |  10800 |    874 |   2110 |   7220 |   9 | 1297.1 |
       Dungeon |  11495 |  10621 |    874 |   1972 |   7220 |   8 | 1436.9 |
         Abyss |    178 |    178 |      0 |    138 |      0 |   1 |  178.0 |
               +--------+--------+--------+--------+--------+-----+--------+

Top non-repeatable levels by time:
     D:7: 2039 daAuts
     D:8: 1658 daAuts
     D:3: 1635 daAuts
     D:2: 1362 daAuts
     D:4: 1342 daAuts
     D:1: 1302 daAuts
     D:5: 1089 daAuts
     D:6: 1066 daAuts
 Abyss:1: 178 daAuts
